 Dungeon Crawl Stone Soup version 0.30.1-11-g7821555f0a (webtiles) character file.

Game seed: 14742042645731024089

23743 Peloso the Fencer (level 12, 0/110 HPs)
             Began as a Minotaur Fighter on Jan 17, 2024.
             Was a High Priest of Okawaru.
             Slain by an ice devil (7 damage)
             ... in an ice cave.
             The game lasted 00:26:33 (14117 turns).

Peloso the Fencer (Minotaur Fighter)               Turns: 14117, Time: 00:26:33

Health: 0/110      AC: 22    Str: 22    XL:     12   Next: 74%
Magic:  11/11      EV:  8    Int:  5    God:    Okawaru [*****.]
Gold:   806        SH: 12    Dex: 14    Spells: 11/11 levels left

rFire   x . .        a - +4 scimitar (freeze)
rCold   + . .        d - +0 kite shield
rNeg    . . .        B - +0 plate armour
rPois   .            (helmet restricted)
rElec   .            c - +0 cloak
rCorr   .            u - +0 pair of gloves
SInv    .            j - +2 pair of boots {Fly}
Will    .....        (no amulet) Stlth
                     H - ring of ice
HPRegen 0.38/turn    w - +4 ring of slaying
MPRegen 0.12/turn

%: no passive effects
@: flying
A: horns 2, retaliatory headbutt
a: Renounce Religion, Heroism, Finesse, Duel


You were in an ice cave.
You worshipped Okawaru.
Okawaru was extremely pleased with you.
You visited 3 branches of the dungeon, and saw 14 of its levels.
You also visited: Sewer and Ice Cave.

You collected 928 gold pieces.
You spent 122 gold pieces at shops.

Inventory:

Hand Weapons
 a - a +4 scimitar of freezing (weapon)
Missiles
 K - a throwing net (quivered)
Armour
 b - a +0 chain mail of poison resistance
 c - a +0 cloak (worn)
 d - a +0 kite shield (worn)
 j - a +2 pair of boots of flying (worn)
 u - a +0 pair of gloves (worn)
 B - a +0 plate armour (worn)
Jewellery
 i - a +6 ring of dexterity
 q - a ring of flight
 s - a +5 ring of evasion
 w - a +4 ring of slaying (right hand)
 D - an amulet of faith
 H - a ring of ice (left hand)
 I - a ring of poison resistance
 M - a ring of wizardry
Wands
 o - a wand of flame (53)
 r - a wand of polymorph (8)
 C - a wand of light (6)
 E - a wand of digging (3)
 J - a wand of charming (10)
Scrolls
 e - a scroll of fog
 k - 4 scrolls of fear
 m - 6 scrolls of teleportation
 n - 3 scrolls of poison
 v - 3 scrolls of identify
 y - 2 scrolls of brand weapon {unknown}
 G - a scroll of immolation
 L - a scroll of amnesia
 N - a scroll of blinking {unknown}
Potions
 f - 5 potions of mutation
 g - 14 potions of curing
 h - 2 potions of heal wounds
 l - 2 potions of resistance
 p - 2 potions of invisibility {unknown}
 t - 2 potions of ambrosia {unknown}
 x - 2 potions of haste {unknown}
 z - a potion of might
 F - 2 potions of magic {unknown}
Miscellaneous
 A - a lightning rod (4/4)


   Skills:
 + Level 11.5 Fighting
 + Level 15.9 Long Blades
 + Level 12.4 Armour
 + Level 5.0 Dodging
 + Level 1.8 Stealth
 + Level 11.5 Shields
 + Level 0.1 Invocations


You had 11 spell levels left.
You didn't know any spells.
Your spell library contained the following spells:

 Spells                   Type           Power      Damage    Failure   Level
 Static Discharge         Conj/Air       0%         2-2/arc   100%        2
 Ozocubu's Armour         Ice            0%         N/A       100%        3
 Portal Projectile        Hex/Tloc       0%         N/A       100%        3
 Airstrike                Air            0%         2d(0-16)  100%        4
 Leda's Liquefaction      Hex/Erth       0%         N/A       100%        4
 Metabolic Englaciation   Hex/Ice        0%         N/A       100%        5
 Ozocubu's Refrigeration  Ice            0%         4d7       100%        7
 Call Canine Familiar     Summ           Unusable   N/A       N/A         3
 Summon Lightning Spire   Summ/Air       Unusable   N/A       N/A         4
 Simulacrum               Ice/Necr       Unusable   N/A       N/A         6

Dungeon Overview and Level Annotations

Branches:
Dungeon (11/15)            Temple (1/1) D:7            Lair (2/5) D:8
    Orc (0/2) D:9           Sewer (visited)           IceCv (1/1)
  Swamp: Lair:2-3    Shoals: Lair:2-3     Snake: Lair:2-3    Spider: Lair:2-3

Altars:
Ashenzari
Cheibriados
Dithmenos
Elyvilon
Fedhas
Gozag
Hepliaklqana
Kikubaaqudgha
Makhleb
Nemelex Xobeh
Okawaru
Qazlal
Ru
Sif Muna
Trog
Uskayaw
Vehumet
Wu Jian
Xom
Yredelemnul
Zin
The Shining One

Shops:
D:1 !=   D:9 ?

Annotations:
D:7 3 runed translucent doors, megamayne420's ghost, novice HOMo
D:10 3 runed translucent doors, Peloso's ghost, journeyman MiFi


Innate Abilities, Weirdness & Mutations

You have a pair of horns on your head.
You reflexively headbutt those who attack you in melee.


Message History

You are engulfed in freezing vapours.
You resist. You block the ice devil's attack.
Unknown command.
You closely miss the ice devil.
The ice devil is heavily wounded.
You are engulfed in freezing vapours.
You resist. You block the ice devil's attack.
Unknown command.
You slash the ice devil!
You headbutt the ice devil, but do no damage.
The ice devil is severely wounded.
You are engulfed in freezing vapours.
You resist.
* * * LOW HITPOINT WARNING * * *
You block the dire elephant simulacrum's attack.
The dire elephant simulacrum trunk-slaps you but does no damage.
You hit the ice devil but do no damage. Your headbutt misses the ice devil.
The ice devil is severely wounded.
You are engulfed in freezing vapours.
You resist.
* * * LOW HITPOINT WARNING * * *
The ice devil hits you but does no damage.
Unknown command.
You closely miss the ice devil.
The ice devil is severely wounded.
You are engulfed in freezing vapours.
You resist.
* * * LOW HITPOINT WARNING * * *
You block the dire elephant simulacrum's attack.
The dire elephant simulacrum trunk-slaps you.
* * * LOW HITPOINT WARNING * * *
The dire elephant simulacrum freezes you!
You resist.
* * * LOW HITPOINT WARNING * * *
The ice devil closely misses you.
You completely miss the ice devil.
The ice devil is severely wounded.
You are engulfed in freezing vapours.
You resist.
* * * LOW HITPOINT WARNING * * *
The ice devil hits you.
* * * LOW HITPOINT WARNING * * *
The ice devil freezes you! You resist.
You die...

#.∩.∩.......#......
#.......##....#
##....#####..##
##..###.#..##
#####..○..##
#.......# #§...○###
#.#°### ##.@#
##4Z...# .....##
#.....# ......#
........ #.......#
##......#


You could see an ice devil and a dire elephant simulacrum.

Vanquished Creatures
  Josephine (D:10)
  A centaur warrior (D:10)
  5 two-headed ogres
  An ugly thing (D:11)
  A cyclops (D:11)
  5 elephants (Lair:2)
  2 black mambas
  Maurice (D:8)
  Joseph (D:10)
  Maggie (Lair:2)
  3 cane toads (D:8)
  3 komodo dragons
  A troll (D:11)
  6 slime creatures (D:10)
  A shadow (D:10)
  7 wraiths
  2 wyverns
  30 yaks
  A death yak simulacrum (IceCv)
  Edmund (D:4)
  A hydra simulacrum (IceCv)
  3 water moccasins
  Duvessa (D:5)
  6 orc warriors
  3 sky beasts
  An ice beast (D:6)
  A hornet zombie (D:7)
  2 black bears
  3 ogres
  16 wolves
  8 kobold brigands
  A gnoll sergeant (D:6)
  5 bullfrogs
  2 necrophages (D:7)
  3 wyvern zombies (D:7)
  2 scorpions
  7 wights
  Dowan (D:5)
  An elephant simulacrum (IceCv)
  3 killer bees (D:9)
  5 howler monkeys
  A human zombie (D:7)
  2 jellies
  6 orc priests
  2 sleepcaps (D:6)
  Crazy Yiuf (D:3)
  7 hounds
  6 iguanas
  7 orc wizards
  2 polar bear simulacra (IceCv)
  6 hell rats (Lair:2)
  A spriggan simulacrum (IceCv)
  A mummy (D:7)
  A howler monkey zombie (D:7)
  13 adders
  4 river rats
  3 white imps
  6 worms
  5 dart slugs
  29 orcs
  11 endoplasms
  4 giant cockroaches
  5 goblins
  5 hobgoblins
  6 jackals (D:1)
  2 quokkas
  15 ball pythons
  4 bats
  4 frilled lizards
  18 kobolds
  13 rats
  A butterfly (D:7)
340 creatures vanquished.

Notes
Turn   | Place    | Note
-------+----------+-------------------------------------------
     0 | D:1      | Peloso the Minotaur Fighter began the quest for the Orb.
     0 | D:1      | Reached XP level 1. HP: 19/19 MP: 0/0
   133 | D:1      | Reached XP level 2. HP: 26/27 MP: 1/1
   479 | D:1      | Found a transporter.
   481 | D:1      | Found Zotuwum's Distillery.
   501 | D:1      | Reached skill level 3 in Long Blades
   501 | D:1      | Reached XP level 3. HP: 32/33 MP: 2/2
   551 | D:1      | Found Nouloef's One-of-a-Kind Rings.
   643 | D:1      | Found a transporter.
   651 | D:1      | Bought a potion of degeneration for 10 gold pieces
  1116 | D:2      | Reached XP level 4. HP: 35/40 MP: 3/3
  1425 | D:2      | Found a faded altar of an unknown god.
  1556 | D:2      | Reached skill level 4 in Long Blades
  2051 | D:3      | Noticed a scorpion
  2059 | D:3      | Killed a scorpion
  2060 | D:3      | Reached XP level 5. HP: 33/47 MP: 4/4
  2167 | D:3      | Found a runed translucent door.
  2455 | D:3      | Found a glowing drain.
  2460 | Sewer    | Entered a sewer
  2511 | Sewer    | Reached skill level 5 in Long Blades
  2511 | Sewer    | Reached skill level 5 in Armour
  2646 | Sewer    | Reached skill level 1 in Dodging
  2646 | Sewer    | Reached XP level 6. HP: 39/55 MP: 5/5
  3014 | Sewer    | Reached skill level 5 in Fighting
  3019 | Sewer    | Reached skill level 1 in Stealth
  3072 | Sewer    | Reached skill level 6 in Long Blades
  3072 | Sewer    | Reached XP level 7. HP: 47/61 MP: 6/6
  3708 | D:3      | Noticed Crazy Yiuf
  4070 | D:4      | Noticed Edmund
  4089 | D:4      | Killed Edmund
  4090 | D:4      | Reached skill level 7 in Long Blades
  4319 | D:4      | Identified the +3 leather armour of the Garden {-Tele
                  | Regen+ rCorr Dex-2}
  4770 | D:5      | Entered Level 5 of the Dungeon
  4792 | D:5      | Noticed Duvessa
  4792 | D:5      | Noticed Dowan
  4798 | D:5      | Reached skill level 5 in Shields
  4806 | D:5      | Killed Duvessa
  4807 | D:5      | Reached XP level 8. HP: 56/68 MP: 7/7
  4808 | D:5      | Killed Dowan
  5256 | D:5      | Reached skill level 8 in Long Blades
  5899 | D:6      | Reached skill level 9 in Long Blades
  5967 | D:6      | Reached XP level 9. HP: 72/78 MP: 8/8
  6284 | D:6      | Reached skill level 10 in Long Blades
  6929 | D:7      | Found a broken altar of Ashenzari.
  7003 | D:7      | Found a runed translucent gate.
  7004 | D:7      | Found a runed translucent gate.
  7010 | D:7      | Found a runed translucent gate.
  7014 | D:7      | Found an opulent altar of Gozag.
  7018 | D:7      | Noticed megamayne420's ghost (novice HOMo)
  7024 | D:7      | Found a staircase to the Ecumenical Temple.
  7054 | Temple   | Entered the Ecumenical Temple
  7272 | D:7      | Identified the +9 quarterstaff "Killer Klown's Curse"
                  | {flame, Dex+5}
  7601 | D:7      | Reached skill level 11 in Long Blades
  7766 | D:7      | Found a basalt altar of Yredelemnul.
  7861 | D:8      | Noticed Maurice
  8044 | D:3      | Killed Crazy Yiuf
  8045 | D:3      | Reached XP level 10. HP: 84/86 MP: 9/9
  8277 | D:8      | Found a staircase to the Lair.
  8514 | D:8      | Killed Maurice
  8689 | D:9      | Noticed a two-headed ogre
  8693 | D:9      | Killed a two-headed ogre
  8694 | D:9      | Reached skill level 12 in Long Blades
  8849 | D:9      | Found a blossoming altar of Fedhas.
  9306 | D:9      | Found a staircase to the Orcish Mines.
  9419 | D:9      | Found Noinn's Magic Scroll Emporium.
  9427 | D:9      | Bought a scroll of magic mapping for 112 gold pieces
  9772 | D:10     | Entered Level 10 of the Dungeon
  9889 | D:10     | Noticed Joseph
  9895 | D:10     | Killed Joseph
  9896 | D:10     | Reached skill level 13 in Long Blades
  9951 | D:10     | Noticed a two-headed ogre
  9955 | D:10     | Killed a two-headed ogre
 10053 | D:10     | Found a runed translucent gate.
 10054 | D:10     | Found a runed translucent gate.
 10054 | D:10     | Noticed Peloso's ghost (journeyman MiFi)
 10056 | D:10     | Found a runed translucent gate.
 10077 | D:10     | Noticed Josephine
 10089 | D:10     | Reached skill level 10 in Armour
 10089 | D:10     | Reached XP level 11. HP: 82/95 MP: 10/10
 10130 | D:10     | Killed Josephine
 10131 | D:10     | Reached skill level 14 in Long Blades
 10614 | D:10     | Found a radiant altar of Vehumet.
 10614 | D:10     | Found an iron altar of Okawaru.
 10614 | D:10     | Found an opulent altar of Gozag.
 10629 | D:10     | Became a worshipper of Warmaster Okawaru
 10874 | D:10     | Noticed a centaur warrior
 10879 | D:10     | Killed a centaur warrior
 11150 | D:11     | Reached * piety under Okawaru
 11292 | D:11     | Noticed a brown ugly thing
 11302 | D:11     | Killed a brown ugly thing
 11303 | D:11     | Reached skill level 10 in Fighting
 11354 | D:11     | Noticed a two-headed ogre
 11361 | D:11     | Killed a two-headed ogre
 11362 | D:11     | Reached skill level 15 in Long Blades
 11426 | D:11     | Noticed a two-headed ogre
 11430 | D:11     | Killed a two-headed ogre
 11556 | D:11     | Reached ** piety under Okawaru
 11808 | D:11     | Noticed a two-headed ogre
 11816 | D:11     | Killed a two-headed ogre
 11987 | Lair:1   | Entered Level 1 of the Lair of Beasts
 12036 | Lair:1   | Reached XP level 12. HP: 44/108 MP: 11/11
 12049 | Lair:1   | Reached *** piety under Okawaru
 12422 | D:8      | Reached skill level 10 in Shields
 12751 | D:8      | Reached **** piety under Okawaru
 13740 | Lair:2   | Reached skill level 5 in Dodging
 13809 | Lair:2   | Noticed Maggie
 13821 | Lair:2   | Killed Maggie
 13835 | Lair:2   | Found a frozen archway.
 14000 | IceCv    | Entered an ice cave
 14107 | IceCv    | Reached ***** piety under Okawaru
 14117 | IceCv    | Slain by an ice devil

Illustrated notes

Levels and vault maps discovered:
D:1:      erik_arrival_blinker_ship, layout_loops_ring, serial_shops,
          nicolae_shop_drivethru, nicolae_shop_unique_rings, glass_columns_b,
          minmay_misc_feat_square, kennysheep_doodads, st_stairs_10,
          minivault_27, minmay_gold_behind_fungi
D:2:      layout_loops_corners, hellmonk_ecumenical_altar_crossroads
D:3:      layout_basic, portal_sewer_entry_e, uniq_crazy_yiuf_cottage
D:4:      layout_cave_pools, chequers_jeans, uniq_edmund
D:5:      layout_loops_corners, serial_rivers, chequers_serial_rivers_large_a,
          chequers_serial_rivers_micro_c, chequers_serial_rivers_marsh,
          chequers_serial_rivers_small_b, uniq_duvessa
D:6:      minmay_angry_zag, layout_loops_ring
D:7:      layout_loops_cross, lemuel_mausoleum_altar_yredelemnul,
          mainiacjoe_overflow_24_doors, minmay_temple_entry_butterflies,
          ebering_ghost_gozag, minivault_11
D:8:      layout_rooms, lair_entry_dummy, uniq_maurice
D:9:      layout_loops_ring, fedhas_altar_4, david_orc_4, serial_shops,
          nicolae_shop_pleasant_corner_grove, grunt_decor_arrowhead
D:10:     layout_irregular_city, chequers_temple_overflow_statue_of_worship,
          gammafunk_ghost_nasty_kobolds, minmay_stone_trees_medium,
          grunt_ogre_cave, uniq_josephine, uniq_joseph
D:11:     layout_basic
Temple:   eino_temple_rhombus
Lair:1:   layout_long_grid
Lair:2:   layout_hall_layers, portal_ice_cave_entry_pillars_1, uniq_fannar,
          uniq_gastronok, uniq_maggie
IceCv:    ice_cave_small_necro

Skill      XL: |  1  2  3  4  5  6  7  8  9 10 11 12 |
---------------+-------------------------------------+-----
Armour         | 4 5 6 7 8 10 11 12 | 12.4
Fighting       | 4 5 6 7 8 10 11 | 11.5
Long Blades    | 3 4 5 6 7 9 11 13 15 | 15.9
Shields        | 4 5 7 8 9 11 | 11.5
Dodging        | 1 2 3 4 5 |  5.0
Stealth        | 1 |  1.8
Invocations    | |  0.1

Action                     |  1- 3 |  4- 6 |  7- 9 | 10-12 || total
---------------------------+-------+-------+-------+-------++-------
  Melee: Long sword        |   100 |   146 |   256 |       ||   502
         Headbutt          |    15 |    31 |    70 |   108 ||   224
         Scimitar          |       |       |    77 |   421 ||   498
 Invoke: Heroism           |       |       |       |     4 ||     4
    Use: Potion            |     4 |       |     1 |     5 ||    10
         Scroll            |       |     2 |     8 |     6 ||    16
 Armour: Scale mail        |    47 |    57 |   112 |     6 ||   222
         Plate armour      |       |       |       |   241 ||   241
  Dodge: Dodged            |    50 |    73 |   109 |   151 ||   383
  Block: Buckler           |    29 |    23 |    71 |       ||   123
         Kite shield       |       |       |    24 |   351 ||   375
